 Dungeon Crawl Stone Soup version bcrawl-1.13-1-g4ae1fcee6e (webtiles) character file.

Game seed: 1181638193942639794

69 Camlann the Sneak (level 4, 0/36 HPs)
             Began as a Demonspawn Archaeologist on July 29, 2019.
             Slain by a gnoll
             ... wielding a +0 spear
              (1 damage)
             ... on level 3 of the Dungeon.
             The game lasted 00:02:28 (1682 turns).

Camlann the Sneak (Demonspawn Archaeologist)        Turns: 1682, Time: 00:02:29

Health: 0/36       AC:  6    Str: 10 (12) XL:     4   Next: 2%
Magic:  3/3        EV: 12    Int: 15 (16) God:
Gold:   144        SH:  0    Dex:  8 (11) Spells: 3/3 levels left

rFire    + + .     SeeInvis .   i - +0 hand axe (venom)
rCold    + . .     Gourm    .   (no shield)
rNeg     . . .     Faith    .   o - +0 robe (curse)
rPois    .         Spirit   .   c - +1 hat
rElec    .         Reflect  .   (no cloak)
rCorr    .         Harm     .   (no gloves)
MR       .....                  d - +1 pair of boots
Stlth    ++........             (no amulet)
HPRegen  0.12/turn              p - ring of protection from fire
MPRegen  0.08/turn              (no ring)

@: studying Long Blades
A: rugged brown scales 1, cold resistance 1, fire resistance 1, low mp 1,
powered by pain 1
a: no special abilities


You were on level 3 of the Dungeon.
You were not hungry.

You visited 1 branch of the dungeon, and saw 3 of its levels.

You collected 144 gold pieces.


Innate Abilities, Weirdness & Mutations

You are partially covered in rugged brown scales. (AC +1, +3% HP)
Your flesh is cold resistant. (rC+)
You sometimes gain a little power by taking damage.
Your flesh is heat resistant. (rF+)
Your magical capacity is low. (-10% MP)


   Skills:
 - Level 3.0 Fighting
 + Level 3.0 Long Blades
   Level 0.8 Maces & Flails
 - Level 2.6 Dodging
 - Level 3.0 Stealth


You had 3 spell levels left.
You didn't know any spells.
Your spell library was empty.

Dungeon Overview and Level Annotations

Branches:
Dungeon (3/12)

Altars:
Ashenzari

Annotations:
D:3 Terence

Inventory:

Hand Weapons
 i - a +0 hand axe of venom (weapon)
   (You found it on level 1 of the Dungeon)
Armour
 c - a +1 hat (worn)
 d - a +1 pair of boots (worn)
 o - a cursed +0 robe (worn)
   (You found it on level 2 of the Dungeon)
Jewellery
 p - a ring of protection from fire (left hand)
   (You found it on level 2 of the Dungeon)
Scrolls
 a - a scroll of fog {unknown}
 h - 2 scrolls of remove curse {unknown}
 j - 4 scrolls of identify {unknown}
 k - a scroll of fear {unknown}
 l - a scroll of blinking {unknown}
 m - 3 scrolls of teleportation {unknown}
 n - 3 scrolls of enchant armour {unknown}
 r - a scroll of noise {unknown}
Potions
 q - a potion of brilliance
Books
 e - a manual of Long Blades {!d}
Miscellaneous
 f - an ancient crate
Comestibles
 g - 4 rations {!d}

# .
##.##o########....
.....gogg6@.......
)...>.#######.....
.##.[ ... ## .


You could see Terence, an orc wizard, 3 gnolls and an orc.


Message History

The gnoll is moderately wounded.
You hit the gnoll but do no damage.
The gnoll is poisoned.
The gnoll hits you from afar with a +0 spear.
The gnoll hits you but does no damage.
You barely miss the gnoll.
The gnoll is lightly wounded.
The gnoll hits you from afar with a +0 spear.
The gnoll misses you.
You hit the gnoll but do no damage.
The gnoll is lightly wounded.
The gnoll hits you from afar with a +0 spear.
The gnoll hits you.
* * * LOW HITPOINT WARNING * * *
The gnoll barely misses you. The gnoll hits you but does no damage.
You are too injured to fight recklessly!
You are too injured to fight recklessly!
You are too injured to fight recklessly!
You are too injured to fight recklessly!
You are too injured to fight recklessly!
You are too injured to fight recklessly!
You are too injured to fight recklessly!
You are too injured to fight recklessly!
You are too injured to fight recklessly!
You are too injured to fight recklessly!
You are too injured to fight recklessly!
You are too injured to fight recklessly!
You are too injured to fight recklessly!
You are too injured to fight recklessly!
A gnoll comes into view. It is wielding a +0 halberd.
The gnoll shouts!
A gnoll comes into view. It is wielding a +0 spear.
There is a stone staircase leading up here.
You feel better.
An orc wizard comes into view. It is wielding a +0 dagger of venom.
The gnoll hits you but does no damage.
You barely miss the gnoll.
The gnoll is heavily wounded.
The orc wizard shouts!
The gnoll misses you. The gnoll hits you but does no damage.
You hit the gnoll.
The gnoll looks even sicker.
The gnoll is heavily wounded.
The gnoll looks more healthy.
The gnoll closely misses you.
An orc comes into view. It is wielding a +0 club.
The gnoll hits you but does no damage.
You hit the gnoll.
The gnoll looks as sick as possible!
The gnoll is severely wounded.
You kill the gnoll!
Your Long Blades skill increases to level 3!
You have reached level 4!
You feel clever.
Your demonic ancestry asserts itself...
You feel resistant to cold. The gnoll closely misses you. x2
The gnoll hits you but does no damage. The gnoll hits you with a +0 spear.
You see here a gnoll corpse.
You completely miss the gnoll.
The gnoll is heavily wounded.
The gnoll closely misses you. x2
You hit the gnoll but do no damage.
The gnoll is poisoned.
The gnoll is heavily wounded.
The gnoll hits you but does no damage. The gnoll hits you with a +0 spear!
* * * LOW HITPOINT WARNING * * *
You barely miss the gnoll.
The gnoll is severely wounded.
The gnoll closely misses you. The gnoll barely misses you.
The gnoll hits you from afar with a +0 spear!
* * * LOW HITPOINT WARNING * * *
Terence hits you with a cursed -1 mace.
* * * LOW HITPOINT WARNING * * *
The gnoll hits you with a +0 spear.
You die...

Action                   |  1- 3 |  4- 6 || total
-------------------------+-------+-------++-------
Melee: Hand axe          |    86 |     3 ||    89
       Whip              |     1 |       ||     1
  Use: Potion            |     8 |       ||     8
 Stab: Sleeping          |    10 |       ||    10
  Eat: Chunk             |     2 |       ||     2
Armor: Robe              |    34 |     2 ||    36
Dodge: Dodged            |    59 |     6 ||    65

Levels and vault maps discovered:
D:1:      sevenhm_arrival_forest_fort_large_3, layout_basic, st_stairs_14
D:2:      layout_basic, overflow_temple_1_default, first_ration,
          lemuel_another_geyser
D:3:      layout_rooms, chequers_ecumenical_altar_simple, uniq_terence,
          uniq_natasha, uniq_robin, uniq_ijyb

Notes
Turn   | Place    | Note
-------+----------+-------------------------------------------
     0 | D:1      | Camlann the Demonspawn Archaeologist began the quest for
                  | the Orb.
     0 | D:1      | Reached XP level 1. HP: 15/15 MP: 1/1
   316 | D:1      | Reached skill level 2 in Fighting
   355 | D:1      | Gained mutation: You sometimes gain a little power by
                  | taking damage. [demonic ancestry]
   355 | D:1      | Reached XP level 2. HP: 22/22 MP: 2/2
   905 | D:2      | Found a shattered altar of Ashenzari.
   911 | D:2      | Reached skill level 3 in Fighting
   928 | D:2      | Gained mutation: You are partially covered in rugged brown
                  | scales. (AC +1, +3% HP) [demonic ancestry]
   928 | D:2      | Reached XP level 3. HP: 19/29 MP: 3/3
  1008 | D:2      | Reached skill level 1 in Long Blades
  1162 | D:2      | Reached skill level 2 in Long Blades
  1327 | D:2      | Gained mutation: You occasionally shout uncontrollably at
                  | your foes. [potion of mutation]
  1327 | D:2      | Lost mutation: You occasionally shout uncontrollably at
                  | your foes. [potion of mutation]
  1327 | D:2      | Gained mutation: You are somewhat resistant to further
                  | mutation. [potion of mutation]
  1328 | D:2      | Lost mutation: You are somewhat resistant to further
                  | mutation. [potion of mutation]
  1328 | D:2      | Gained mutation: Your magical capacity is low. (-10% MP)
                  | [potion of mutation]
  1328 | D:2      | Gained mutation: Your flesh is heat resistant. (rF+)
                  | [potion of mutation]
  1664 | D:3      | Noticed Terence
  1678 | D:3      | Reached skill level 3 in Long Blades
  1678 | D:3      | Gained mutation: Your flesh is cold resistant. (rC+)
                  | [demonic ancestry]
  1678 | D:3      | Reached XP level 4. HP: 27/36 MP: 3/3
  1682 | D:3      | HP: 6/36 [gnoll/+0 spear (11)]
  1682 | D:3      | HP: 1/36 [Terence/cursed -1 mace (5)]
  1682 | D:3      | Slain by a gnoll

Vanquished Creatures
  An adder (D:2)
  A gnoll (D:3)
  An ooze (D:1)
  An adder skeleton (D:2)
  3 worms (D:2)
  2 dart slugs
  3 leopard geckos (D:1)
  2 giant cockroaches
  A goblin (D:2)
  3 hobgoblins (D:2)
  A kobold (D:1)
  A quokka (D:2)
  2 ball pythons
  A ball python skeleton (D:2)
  2 bats (D:1)
  2 frilled lizards (D:2)
  4 rats
31 creatures vanquished.
